 Dungeon Crawl Stone Soup version 0.29-a0-330-g52719c12eb (webtiles) character file.

Game seed: 3891255654402064257

289 HoaS the Quickloader (level 6, -3/35 HPs)
             Began as a Kobold Hunter on May 18, 2022.
             Slain by a sky beast (5 damage)
             ... on level 7 of the Dungeon.
             The game lasted 00:08:15 (2518 turns).

HoaS the Quickloader (Kobold Hunter)                Turns: 2518, Time: 00:08:15

Health: -3/35      AC:  7    Str:  9    XL:     6   Next: 57%
Magic:  6/6        EV: 12    Int: 10    God:
Gold:   145        SH: 10    Dex: 20    Spells: 5/5 levels left

rFire   . . .      SeeInvis .   a - +1 hand crossbow
rCold   . . .      Faith    .   g - +0 buckler
rNeg    . . .      Spirit   .   d - +1 ring mail
rPois   +          Reflect  +   (no helmet)
rElec   .          Harm     .   (no cloak)
rCorr   .          Rampage  .   p - +0 pair of gloves
Will    .....                   (no boots)
Stlth   ++........              o - amulet of reflection
HPRegen 0.11/turn               n - ring of poison resistance
MPRegen 0.10/turn               (no ring)

@: no status effects
A: small, no large weapons, nightstalker 3
a: no special abilities


You were on level 7 of the Dungeon.
You visited 1 branch of the dungeon, and saw 5 of its levels.

You collected 145 gold pieces.

Inventory:

Hand Weapons
 a - a +1 hand crossbow (weapon)
Armour
 d - a +1 ring mail (worn)
 g - a +0 buckler (worn)
 p - a +0 pair of gloves (worn)
Jewellery
 n - a ring of poison resistance (left hand)
 o - an amulet of reflection (around neck)
Scrolls
 c - 2 scrolls of immolation
 j - a scroll of blinking
 l - a scroll of noise
 q - a scroll of identify {unknown}
Potions
 b - 3 potions of haste {unknown}
 e - a potion of invisibility {unknown}
 f - a potion of attraction {unknown}
 h - a potion of resistance {unknown}
 i - 2 potions of heal wounds {unknown}
 k - a potion of might {unknown}
 m - 2 potions of flight {unknown}


   Skills:
 - Level 2.1 Fighting
 + Level 9.7 Crossbows
 - Level 2.4 Dodging
 - Level 1.3 Stealth


You had 5 spell levels left.
You didn't know any spells.
Your spell library contained the following spells:

 Spells                   Type           Power      Damage    Failure   Level
 Gell's Gravitas          Tloc           0%         N/A       99%         3
 Teleport Other           Tloc           0%         N/A       99%         3
 Dispersal                Tloc           0%         N/A       100%        6


Dungeon Overview and Level Annotations

Branches:
Dungeon (4/15)
 Temple: D:4-7

Altars:


Innate Abilities, Weirdness & Mutations

You are small and have problems with some larger weapons.
You are completely attuned to the shadows.


Message History

Something completely misses you.
Shoot: a) +1 hand crossbow
Press: ? - help, Q - select action Shift-Dir - straight line You shoot a bolt.
Something hits you. Something shocks you.
* * * LOW HITPOINT WARNING * * *
Shoot: a) +1 hand crossbow
Press: ? - help, Q - select action Shift-Dir - straight line You shoot a bolt.
You block something's attack.
Shoot: a) +1 hand crossbow
Press: ? - help, Q - select action Shift-Dir - straight line You shoot a bolt.
Something hits you but does no damage.
Shoot: a) +1 hand crossbow
Press: ? - help, Q - select action Shift-Dir - straight line You shoot a bolt.
A sky beast appears from thin air!
Reactivating autopickup.
You block the sky beast's attack. x2
Shoot: a) +1 hand crossbow
Press: ? - help, Q - select action Shift-Dir - straight line, f - sky beast
Aim: a sky beast (rain, heavily wounded, 61% to hit)
You shoot a bolt. The bolt hits the sky beast.
The sky beast is severely wounded.
The sky beast hits you but does no damage.
Shoot: a) +1 hand crossbow
Press: ? - help, Q - select action Shift-Dir - straight line, f/p - sky beast
Aim: a sky beast (severely wounded, 61% to hit)
You shoot a bolt. The bolt barely misses the sky beast.
The sky beast hits you but does no damage.
Shoot: a) +1 hand crossbow
Press: ? - help, Q - select action Shift-Dir - straight line, f/p - sky beast
Aim: a sky beast (severely wounded, 61% to hit)
You shoot a bolt. The bolt hits the sky beast.
The sky beast is severely wounded.
The sky beast barely misses you. The sky beast hits you.
* * * LOW HITPOINT WARNING * * *
The sky beast shocks you.
You die...

......?..
.........
#.......
#......
#..#
##Y#######
#@(......
##.......
#......#
##.....#
#.#...#
#.#...#
.......
........
.......


You could see a sky beast.

Vanquished Creatures
  A yak (D:7)
  4 gnolls (D:3)
  4 adders
  A white imp (D:7)
  A worm (D:3)
  2 dart slugs (D:2)
  An orc (D:3)
  4 ball pythons
  6 endoplasms
  3 giant cockroaches
  4 goblins
  4 hobgoblins (D:1)
  4 quokkas
  5 bats
  A frilled lizard (D:2)
  6 kobolds
  2 rats
53 creatures vanquished.

Notes
Turn   | Place    | Note
-------+----------+-------------------------------------------
     0 | D:1      | HoaS the Kobold Hunter began the quest for the Orb.
     0 | D:1      | Reached XP level 1. HP: 12/12 MP: 1/1
   287 | D:1      | Reached XP level 2. HP: 17/17 MP: 2/2
   298 | D:1      | Reached skill level 6 in Crossbows
   636 | D:1      | Found a faded altar of an unknown god.
   784 | D:1      | Reached XP level 3. HP: 18/21 MP: 3/3
  1486 | D:2      | Reached skill level 7 in Crossbows
  1555 | D:2      | Reached XP level 4. HP: 26/26 MP: 4/4
  1911 | D:3      | Reached XP level 5. HP: 30/30 MP: 5/5
  1933 | D:3      | Reached skill level 8 in Crossbows
  2431 | D:4      | Noticed a yak
  2432 | D:4      | Noticed a yak
  2457 | D:4      | You fall into a shaft and drop 3 floors!
  2465 | D:7      | Noticed a yak
  2465 | D:7      | Noticed a wyvern
  2478 | D:7      | Killed a yak
  2479 | D:7      | Reached skill level 9 in Crossbows
  2479 | D:7      | Reached XP level 6. HP: 23/35 MP: 6/6
  2507 | D:7      | Noticed a sky beast
  2518 | D:7      | Slain by a sky beast

Illustrated notes

Levels and vault maps discovered:
D:1:      dpeg_arrival_round_b, layout_basic,
          shapermc_ecumenical_altar_totnotflames, minmay_door_square,
          chequers_serial_rivers_micro_e, serial_bayou_ford_a
D:2:      layout_basic, serial_bayou_pond_c, moated_statue
D:3:      layout_rooms, dk_vineyard_3
D:4:      layout_rooms, gammafunk_temple_overflow_wave
D:7:      layout_gridville, minmay_manual_mandibuliform

Skill      XL: |  1  2  3  4  5 |
---------------+----------------+-----
Crossbows      | 6 7 9 |  9.7
Fighting       | |  2.1
Dodging        | |  2.4
Stealth        | |  1.3

Action                   |  1- 3 |  4- 6 || total
-------------------------+-------+-------++-------
 Fire: Hand crossbow     |    81 |    72 ||   153
  Use: Scroll            |     5 |     3 ||     8
Armor: Ring mail         |     7 |     8 ||    15
Dodge: Dodged            |    18 |    11 ||    29
Block: Buckler           |     7 |    14 ||    21
       Reflection        |       |     1 ||     1

Table legend: (Time is in decaauts)
 A = Elapsed time spent in this place.
 B = Non-inter-level travel time spent in this place.
 C = Inter-level travel time spent in this place.
 D = Time resting spent in this place.
 E = Time spent auto-exploring this place.
 F = Levels seen in this place.
 G = Mean time per level.
                   A        B        C        D        E       F      G
               +--------+--------+--------+--------+--------+-----+--------+
         Total |   2588 |   2501 |     87 |    139 |   1957 |   5 |  517.6 |
       Dungeon |   2588 |   2501 |     87 |    139 |   1957 |   5 |  517.6 |
               +--------+--------+--------+--------+--------+-----+--------+

Top non-repeatable levels by time:
     D:1: 1024 daAuts
     D:2: 742 daAuts
     D:3: 656 daAuts
     D:4: 98 daAuts
     D:7: 66 daAuts
